 Dungeon Crawl Stone Soup version 0.27.1-35-g4d5d836560 (webtiles) character file.

Game seed: 6882308524241180999

45 Froggeryz the Insei (level 3, -1/24 HPs)
             Began as an Octopode Transmuter on Nov 4, 2022.
             Slain by an orc wizard (4 damage)
             ... on level 2 of the Dungeon.
             The game lasted 00:01:38 (1459 turns).

Froggeryz the Insei (Octopode Transmuter)           Turns: 1459, Time: 00:01:38

Health: -1/24      AC:  1    Str:  9    XL:     3   Next: 64%
Magic:  5/6        EV: 13    Int: 15    God:
Gold:   16         SH:  0    Dex: 13    Spells: 5/6 levels left

rFire    . . .     SeeInvis .     - Unarmed
rCold    . . .     Faith    .   (no shield)
rNeg     . . .     Spirit   .   (helmet currently unavailable)
rPois    .         Reflect  .   (no amulet)
rElec    .         Harm     .   (no ring)
rCorr    .         Rampage  .   (no ring)
Will     .....                  (no ring)
Stlth    ++........             (no ring)
HPRegen  0.08/turn              (no ring)
MPRegen  0.10/turn              (no ring)
                                (no ring)
                                (no ring)

@: appendages (expiring)
A: tentacle spike 3, almost no armour, amphibious, 8 rings, camouflage 1,
gelatinous body 1, (nimble swimmer 1), tentacles
a: End Transformation


You were on level 2 of the Dungeon.
One of your tentacles had grown a beastly spike.
You visited 1 branch of the dungeon, and saw 2 of its levels.

You collected 16 gold pieces.

Inventory:

Scrolls
 a - a scroll of identify {unknown}
 d - a scroll of blinking {unknown}
Potions
 b - a potion of curing {unknown}
 c - a potion of attraction {unknown}


   Skills:
 + Level 2.0 Fighting
 - Level 2.0 Dodging
 * Level 4.1 Unarmed Combat
 - Level 2.0 Spellcasting
 - Level 2.0 Transmutations


You had 5 spell levels left.
You knew the following spells:

 Your Spells              Type           Power      Damage    Failure   Level
a - Beastly Appendage     Tmut           14%        N/A       10%         1

Your spell library contained the following spells:

 Spells                   Type           Power      Damage    Failure   Level
 Wereblood                Tmut           7%         N/A       14%         2
 Magic Dart               Conj           4%         1d3       22%         1
 Call Imp                 Summ           1%         N/A       32%         2
 Spider Form              Tmut/Pois      2%         N/A       41%         3
 Mephitic Cloud           Conj/Pois/Air  1%         N/A       54%         3
 Ice Form                 Ice/Tmut       4%         N/A       82%         4


Dungeon Overview and Level Annotations

Branches:
Dungeon (2/15)

Altars:

Shops:
D:1 ?


Innate Abilities, Weirdness & Mutations

One of your tentacles has grown a beastly spike.
You cannot wear most types of armour.
You are amphibious.
You can wear up to eight rings at the same time.
Your skin changes colour to match your surroundings (Stealth+).
Your rubbery body absorbs attacks. (AC +1, EV +1)
((You are camouflaged near water. (Stealth+)))
You have tentacles for arms and can constrict up to eight enemies at once.


Message History

You constrict the orc wizard.
The orc wizard hits you with a +0 dagger.
The orc closely misses you.
The orc wizard hits you with a +0 dagger.
You tentacle-slap the orc. You grab the orc.
The orc is heavily wounded.
You constrict the orc, but do no damage.
You constrict the orc wizard, but do no damage.
The orc wizard hits you with a +0 dagger.
The orc wizard casts a spell at you. The puff of flame misses you.
The orc hits you with a +0 club.
You tentacle-slap the orc wizard but do no damage.
Your grab misses the orc wizard.
The orc wizard is moderately wounded.
You constrict the orc. You constrict the orc wizard.
The orc wizard hits you with a +0 dagger.
* * * LOW HITPOINT WARNING * * *
The orc wizard barely misses you. The orc closely misses you.
You tentacle-slap the orc wizard. Your grab misses the orc wizard.
Your squeeze misses the orc wizard.
The orc wizard is heavily wounded.
Your transformation is almost over.
You constrict the orc. You constrict the orc wizard. The orc wizard misses you.
The orc wizard closely misses you. The orc completely misses you.
You tentacle-slap the orc wizard. You grab the orc wizard.
You pierce the orc wizard.
The orc wizard is almost dead.
You constrict the orc.
You kill the orc!
You constrict the orc wizard. x2
The orc wizard hits you with a +0 dagger.
* * * LOW HITPOINT WARNING * * *
The orc wizard misses you.
You tentacle-slap the orc wizard.
The orc wizard is almost dead.
You constrict the orc wizard.
You kill the orc wizard!
You constrict the orc wizard.
The orc wizard hits you with a +0 dagger.
You die...

..# ..#### ### .....#
#.. ..# #####.# #.##.#
...#.# # #.##.#
#.###..#.##.# #.##.#
.........
#.##.########..#.##.###.
#.##.#..........@).!....
..##.#.######...o)#.#...
).##.#.# #.........
..##.#.######..#..#.##
...............#......
.###.#.#....#.##.......
.. #.#.#.......+.......$
#. #.#.# ....###........
. #...+ ..[..


You could see an orc wizard.

Vanquished Creatures
  An orc wizard (D:2)
  4 dart slugs
  An orc (D:2)
  3 endoplasms (D:1)
  3 goblins (D:1)
  4 hobgoblins (D:1)
  3 kobolds
  A quokka (D:1)
  2 ball pythons (D:1)
  2 bats (D:1)
  14 frilled lizards (D:1)
  A rat (D:1)
39 creatures vanquished.

Vanquished Creatures (others)
  7 plants (D:1)
7 creatures vanquished.

Grand Total: 46 creatures vanquished

Notes
Turn   | Place    | Note
-------+----------+-------------------------------------------
     0 | D:1      | Froggeryz the Octopode Transmuter began the quest for the
                  | Orb.
     0 | D:1      | Reached XP level 1. HP: 13/13 MP: 3/3
    47 | D:1      | Reached XP level 2. HP: 8/18 MP: 3/5
   856 | D:1      | Found Rungeru's Magic Scroll Shoppe.
   887 | D:1      | Reached XP level 3. HP: 22/24 MP: 6/6
  1116 | D:1      | Reached skill level 4 in Unarmed Combat
  1459 | D:2      | Slain by an orc wizard

Illustrated notes

Levels and vault maps discovered:
D:1:      dpeg_arrival_orchard, layout_rooms, serial_shops,
          nicolae_shop_statue_plus, minmay_lizard_king
D:2:      layout_basic, serial_glass, glass_columns_b, glass_columns_a,
          amethyst_killhole

Skill      XL: |  1  2  3 |
---------------+----------+-----
Fighting       | 2 |  2.0
Unarmed Combat | 4 |  4.1
Dodging        | |  2.0
Spellcasting   | |  2.0
Transmutations | |  2.0

Action                   || total
-------------------------++-------
Melee: Unarmed           ||    87
       Constrict         ||    23
       Tentacles         ||    21
       Kick              ||     3
       Punch             ||     2
 Cast: Beastly Appendage ||     2
 Stab: Sleeping          ||     4
Armor: Skin              ||     2
Dodge: Dodged            ||    55
